 Dungeon Crawl Stone Soup version 0.30.0-15-g856e2d3f33 (webtiles) character file.

Game seed: 14553260121541606718

68 qw the Chopper (level 4, -1/28 HPs)
             Began as a Gargoyle Fighter on May 21, 2023.
             Slain by an orc
             ... wielding a +0 trident
              (3 damage)
             ... on level 2 of the Dungeon.
             The game lasted 00:00:25 (455 turns).

qw the Chopper (Gargoyle Fighter)                    Turns: 455, Time: 00:00:26

Health: -1/28      AC: 10    Str: 21    XL:     4   Next: 19%
Magic:  4/4        EV:  9    Int:  9    God:
Gold:   64         SH:  4    Dex:  9    Spells: 3/3 levels left

rFire   . . .        a - +0 war axe
rCold   . . .        c - +0 buckler
rNeg    + . .        b - +0 scale mail
rPois   inf          (no helmet)
rElec   +            (no cloak)
rCorr   .            (no gloves)
SInv    .            (no boots)
Will    .....        (no amulet) Stlth
                     (no ring)
HPRegen 0.24/turn    (no ring)
MPRegen 0.09/turn

%: no passive effects
@: no status effects
A: sickness immunity, AC +3, negative energy resistance 1, electricity
resistance, torment resistance 1, petrification resistance
a: no special abilities


You were on level 2 of the Dungeon.
You visited 1 branch of the dungeon, and saw 2 of its levels.

You collected 64 gold pieces.


Innate Abilities, Weirdness & Mutations

You are immune to sickness and miasma.
Your stone body is resilient. (AC +3)
You are immune to poison.
You resist negative energy. (rN+)
You are resistant to electric shocks. (rElec)
You are resistant to unholy torment.
You are immune to petrification.


   Skills:
 - Level 3.2 Fighting
 + Level 3.9 Axes
 - Level 3.2 Armour
 - Level 3.2 Shields


You had 3 spell levels left.
You didn't know any spells.
Your spell library was empty.

Inventory:

Hand Weapons
 a - a +0 war axe (weapon)
 h - a +0 flail
Armour
 b - a +0 scale mail (worn)
 c - a +0 buckler (worn)
 f - a +0 plate armour
Jewellery
 i - a +6 ring of dexterity
Scrolls
 g - 3 scrolls of amnesia {unknown}
 j - a scroll of noise {unknown}
 k - a scroll of brand weapon {unknown}
Potions
 d - 2 potions of might
 e - a potion of curing {unknown}

Dungeon Overview and Level Annotations

Branches:
Dungeon (2/15)

Altars:


Message History

The orc wizard closely misses you.
The orc hits you from afar with a +0 trident.
The orc wizard barely misses you. Something hits you.
The orc hits you but does no damage.
You hit the orc wizard but do no damage.
The orc wizard is almost dead.
You miss something. Something hits you but does no damage.
The orc wizard hits you but does no damage.
The orc closely misses you.
You hit the orc wizard but do no damage.
The orc wizard is almost dead.
You miss something.
The orc wizard hits you but does no damage.
You block the orc's attack. The orc wizard closely misses you.
The orc closely misses you. Something hits you but does no damage.
You closely miss the orc wizard.
The orc wizard is almost dead.
You miss something. Something hits you but does no damage.
The orc wizard casts a spell at you.
The magic dart hits you but does no damage.
The orc hits you from afar with a +0 trident.
You slash the orc wizard!
You kill the orc wizard!
You barely miss something. The orc hits you but does no damage.
You have reached level 4!
You feel clever.
You closely miss something. You block the orc's attack.
Something hits you but does no damage. The orc hits you with a +0 trident!
You see here a +0 club.
You hit the orc but do no damage. You hit something.
Something hits you but does no damage. The orc hits you but does no damage.
Something hits you but does no damage. You block the orc's attack.
You closely miss the orc. You barely miss something.
Something hits you but does no damage. You block the orc's attack.
You closely miss the orc. You barely miss something. Something hits you.
The orc hits you with a +0 trident.
You die...

..## .# ...# ## ...#
...# ...# ### ### ### ##
#
...###8###8###}###8###8#
........................
........%........o......
##.............{@.......
#...#8###8##...##8###8#
###.### ####...## #
#....# #8...8# #.##..#
##...## #.# .# #...# #.#
# #...# #.# 8...8 #.#
##...##


You could see an orc.

Vanquished Creatures
  An orc wizard (D:2)
  2 gnolls (D:1)
  An orc (D:2)
  2 bats (D:1)
  2 endoplasms (D:2)
  A giant cockroach (D:1)
  5 goblins (D:1)
  3 hobgoblins
  A quokka (D:2)
  3 ball pythons (D:1)
  2 rats
23 creatures vanquished.

Notes
Turn   | Place    | Note
-------+----------+-------------------------------------------
     0 | D:1      | qw the Gargoyle Fighter began the quest for the Orb.
     0 | D:1      | Reached XP level 1. HP: 14/14 MP: 1/1
     0 | D:1      | 0 ||| qw: Version: 0.2-a-98-g16b38d9
     0 | D:1      | 0 ||| qw: Game counter: 21
     0 | D:1      | 0 ||| qw: Always use a shield: true
     0 | D:1      | 0 ||| qw: God list: Okawaru
     0 | D:1      | 0 ||| qw: Allow faded altars: false
     0 | D:1      | 0 ||| qw: Do Orc after D:15 true
     0 | D:1      | 0 ||| qw: Do second Lair branch before Depths: true
     0 | D:1      | 0 ||| qw: Lair rune preference: random
     0 | D:1      | 0 ||| qw: Plans: Normal, Zot:1-4, God:TSO, Crypt, Tomb,
                  | Pan, Slime:5, Hells, Abyss, Win
     0 | D:1      | 0 ||| PLANNING D:1-11
    95 | D:1      | 95 ||| Stepping ~*~*~tactically~*~*~ (stealth).
   100 | D:1      | HP: 2/14 [gnoll/+0 club (5)]
   102 | D:1      | Reached XP level 2. HP: 4/19 MP: 2/2
   110 | D:1      | 110 ||| Stepping ~*~*~tactically~*~*~ (stealth).
   111 | D:1      | 111 ||| Stepping ~*~*~tactically~*~*~ (stealth).
   124 | D:1      | 124 ||| Stepping ~*~*~tactically~*~*~ (stealth).
   126 | D:1      | 126 ||| Stepping ~*~*~tactically~*~*~ (stealth).
   195 | D:1      | Reached skill level 3 in Axes
   202 | D:1      | Reached XP level 3. HP: 8/23 MP: 3/3
   267 | D:1      | 267 ||| DROPPING +0 club.
   323 | D:1      | You fall into a shaft and drop 1 floor!
   434 | D:2      | 434 ||| Stepping ~*~*~tactically~*~*~ (hiding).
   437 | D:2      | 437 ||| Stepping ~*~*~tactically~*~*~ (hiding).
   451 | D:2      | Reached XP level 4. HP: 10/28 MP: 4/4
   452 | D:2      | HP: 3/28 [orc/+0 trident (7)]
   455 | D:2      | Slain by an orc

Levels and vault maps discovered:
D:1:      dpeg_arrival_tiny_a, layout_basic, minmay_close_crescents
D:2:      layout_rooms, serial_corexii_hall, corexii_hall_statues_t,
          chequers_hall_statues_corner_a, basic_altar, uniq_robin,
          uniq_crazy_yiuf_cottage, uniq_sigmund

Skill      XL: |  1  2 |
---------------+-------+-----
Axes           | 2 3 |  3.9
Fighting       | |  3.2
Armour         | |  3.2
Shields        | |  3.2

Action                     |  1- 3 |  4- 6 || total
---------------------------+-------+-------++-------
  Melee: War axe           |    68 |     4 ||    72
 Armour: Scale mail        |    44 |     5 ||    49
  Dodge: Dodged            |    34 |       ||    34
  Block: Buckler           |    14 |     3 ||    17

Table legend:
 A = Non-vault XP
 B = Vault XP
 C = Vault XP percentage of total XP
 D = Non-vault monster count
 E = Vault monster count
 F = Vault count percentage of total count
                 A         B        C        D         E       F
            +---------+---------+-------+---------+---------+-------
      Total |      98 |       0 |   0.0 |      23 |       0 |   0.0
            +---------+---------+-------+---------+---------+-------
        D:1 |      51 |       0 |   0.0 |      16 |       0 |   0.0
        D:2 |      47 |       0 |   0.0 |       7 |       0 |   0.0
            +---------+---------+-------+---------+---------+-------
